 Dungeon Crawl Stone Soup version 0.30-a0-381-g6ea064c7b4 (webtiles) character file.

Game seed: 655696338916018053

388 PyroL the Purveyor of Pain (level 6, -3/47 HPs)
             Began as a Demonspawn Necromancer on Dec 2, 2022.
             Was an Initiate of Kikubaaqudgha.
             Slain by a phantom (6 damage)
             ... on level 4 of the Dungeon.
             The game lasted 00:08:50 (3351 turns).

PyroL the Purveyor of Pain (Demonspawn Necromancer) Turns: 3351, Time: 00:08:50

Health: -3/47      AC:  2    Str:  8    XL:     6   Next: 49%
Magic:  5/11       EV: 12    Int: 18    God:    Kikubaaqudgha [......]
Gold:   139        SH:  0    Dex: 14    Spells: 3/11 levels left

rFire   . . .      SeeInvis .    u - +0 club
rCold   . . .      Faith    .    (no shield)
rNeg    . . .      Spirit   .    a - +0 robe
rPois   .          Reflect  .    (helmet restricted)
rElec   .          Harm     .    (no cloak)
rCorr   .          Rampage  .    (no gloves)
Will    .....                    (no boots)
Stlth   ++........               (no amulet)
HPRegen 0.27/turn                (no ring)
MPRegen 0.24/turn                (no ring)

@: animating dead
A: antennae 2, magic regeneration
a: Renounce Religion


You were on level 4 of the Dungeon.
You worshipped Kikubaaqudgha.
Kikubaaqudgha was noncommittal.
You visited 1 branch of the dungeon, and saw 4 of its levels.

You collected 139 gold pieces.

Inventory:

Hand Weapons
 q - a +2 dagger of pain
 u - a +0 club (weapon)
Armour
 a - a +0 robe (worn)
Jewellery
 h - an amulet of faith
Scrolls
 c - a scroll of torment {unknown}
 e - 2 scrolls of fog {unknown}
 f - a scroll of immolation {unknown}
 g - a scroll of brand weapon {unknown}
 k - 2 scrolls of teleportation {unknown}
 m - a scroll of blinking {unknown}
 o - 2 scrolls of poison {unknown}
 p - 2 scrolls of fear {unknown}
Potions
 b - 2 potions of magic
 d - a potion of degeneration {unknown}
 i - 2 potions of curing {unknown}
 j - 2 potions of heal wounds {unknown}
 l - a potion of flight {unknown}
 n - 2 potions of lignification {unknown}
 r - a potion of resistance {unknown}
 s - a potion of mutation {unknown}
 t - a potion of might {unknown}


   Skills:
 + Level 3.3 Fighting
 - Level 1.7 Dodging
 - Level 1.7 Stealth
 - Level 3.3 Spellcasting
 + Level 6.8 Necromancy


You had 3 spell levels left.
You knew the following spells:

 Your Spells              Type           Power      Damage    Failure   Level
a - Necrotise             Necr           100%       1d9       1%          1
b - Vampiric Draining     Necr           27%        2d7       2%          3
c - Animate Dead          Necr           27%        N/A       10%         4

Your spell library contained the following spells:

 Spells                   Type           Power      Damage    Failure   Level
 Cigotuvi's Dreadful Rot  Necr/Pois/Air  22%        N/A       10%         2
 Freeze                   Ice            12%        1d3       16%         1
 Frozen Ramparts          Ice            6%         1d1       43%         3
 Hailstorm                Conj/Ice       3%         3d3       43%         3
 Agony                    Necr           27%        N/A       26%         5


Dungeon Overview and Level Annotations

Branches:
Dungeon (4/15)             Temple (0/1) D:4

Altars:
Ashenzari
Dithmenos
Fedhas
Kikubaaqudgha

Shops:
D:4 ?

Annotations:
D:3 Ijyb
D:4 1 transporter


Innate Abilities, Weirdness & Mutations

You have a pair of antennae on your head.
You regenerate magic rapidly.


Message History

The goblin barely misses you. The goblin closely misses you.
The phantom attacks as you move away!
The phantom hits you but does no damage.
The phantom attacks as you move away! The phantom hits you.
* * * LOW HITPOINT WARNING * * *
Casting: Necrotise (safe; 1% risk of failure)
Confirm with . or Enter, or press ? or * to list all spells.
Okay, then.
Kikubaaqudgha calls piteous wretches from the earth!
You can no longer bring forth the wretched and dying.
An orc warrior and a bullfrog come into view.
The phantom hits you!
* * * LOW HITPOINT WARNING * * *
The phantom blinks!
You blink.
The goblin hits you with a +0 club.
* * * LOW HITPOINT WARNING * * *
The helpless orc warrior fails to defend itself.
You hit the orc warrior.
You kill the orc warrior!
That felt strangely unrewarding.
The phantom misses you. The goblin hits you but does no damage.
The goblin misses you. The phantom hits you.
* * * LOW HITPOINT WARNING * * *
The phantom blinks!
You blink.
Casting: Necrotise (safe; 1% risk of failure)
Confirm with . or Enter, or press ? or * to list all spells.
The spell is quite dangerous to miscast (10% risk of failure)!
Continue anyway?
You call upon the dead to rise.
A nearby bullfrog perishes wretchedly.
The dead are hopping!
The phantom hits you.
* * * LOW HITPOINT WARNING * * *
Okay, then.
The phantom attacks as you move away!
The phantom hits you but does no damage.
The goblin closely misses you.
You hit the goblin.
You kill the goblin!
Kikubaaqudgha accepts your kill.
The dead are walking!
The phantom hits you.
You die...
Kikubaaqudgha rasps: "You have failed me!
Welcome... death!"

#.....................##.....#
##.................##.####....#
#..................#..†.......#
#..................#..#.....#..
##..#.#..............##........
#.....#....................#.#.
##....##..............#.........
#.........[...W.......#....#.⌠.#
##......###)...@.........#......
###......##....Z).......#...⌠.>.⌠
...............Z†.#.......#...§..
.......##...##....#.........#.⌠.#
..)..Z.#.##.##...##....#.#.......
.............#...####.##.#...#.#.
......Z......÷......#.##.........
...............#............#.#..
..#.##W##########................


You could see a phantom (ally target), a friendly bullfrog zombie and a friendly
goblin zombie.

Vanquished Creatures
  An orc warrior (D:4)
  A hound (D:4)
  2 orc priests (D:4)
  Jessica (D:2)
  2 iguanas (D:4)
  An orc wizard (D:4)
  6 gnolls (D:3)
  4 adders
  A worm (D:3)
  2 dart slugs
  10 orcs
  3 bats
  5 endoplasms
  3 giant cockroaches
  7 goblins
  6 hobgoblins
  3 jackals (D:4)
  8 ball pythons
  3 frilled lizards (D:1)
  4 kobolds
  2 rats (D:1)
75 creatures vanquished.

Vanquished Creatures (collateral kills)
  A gnoll (D:3)
  A dart slug (D:2)
  An endoplasm (D:1)
  2 goblins (D:1)
  A quokka (D:4)
  A ball python (D:3)
  A frilled lizard (D:3)
  A kobold (D:1)
  A rat (D:1)
10 creatures vanquished.

Vanquished Creatures (others)
  A bullfrog (D:4)
  An adder zombie (D:3)
  2 gnoll zombies (D:3)
  An endoplasm zombie (D:4)
  3 orc zombies (D:4)
  5 plants (D:4)
13 creatures vanquished.

Grand Total: 98 creatures vanquished

Notes
Turn   | Place    | Note
-------+----------+-------------------------------------------
     0 | D:1      | PyroL the Demonspawn Necromancer began the quest for the
                  | Orb.
     0 | D:1      | Reached XP level 1. HP: 13/13 MP: 3/3
   209 | D:1      | Gained mutation: You regenerate magic rapidly. [demonic
                  | ancestry]
   209 | D:1      | Reached XP level 2. HP: 13/19 MP: 0/5
  1005 | D:2      | Found a broken altar of Ashenzari.
  1107 | D:2      | Noticed Jessica
  1111 | D:2      | Killed Jessica
  1112 | D:2      | Reached skill level 5 in Necromancy
  1112 | D:2      | Gained mutation: You have a pair of small antennae on your
                  | head. [demonic ancestry]
  1112 | D:2      | Reached XP level 3. HP: 24/24 MP: 3/7
  1218 | D:2      | Learned a level 3 spell: Vampiric Draining
  1578 | D:2      | Reached XP level 4. HP: 23/30 MP: 3/8
  1774 | D:3      | Learned a level 4 spell: Animate Dead
  2007 | D:3      | Found a blossoming altar of Fedhas.
  2051 | D:3      | Reached skill level 1 in Fighting
  2056 | D:3      | Reached XP level 5. HP: 25/37 MP: 2/10
  2160 | D:3      | Found an ancient bone altar of Kikubaaqudgha.
  2167 | D:3      | Became a worshipper of Kikubaaqudgha
  2180 | D:3      | Reached skill level 6 in Necromancy
  2334 | D:3      | Noticed Ijyb
  2536 | D:4      | Found a transporter.
  2536 | D:4      | Identified the +9 spear "Newtbane" {chaos, +Blink rC+ Str+3
                  | Int+2}
  2554 | D:4      | Found Ysuibb's Magic Scroll Shop.
  2579 | D:4      | Found a shadowy altar of Dithmenos.
  2588 | D:4      | Noticed a black bear
  2777 | D:4      | Gained mutation: You have a pair of antennae on your head.
                  | [demonic ancestry]
  2777 | D:4      | Reached XP level 6. HP: 43/46 MP: 11/11
  2924 | D:4      | Reached * piety under Kikubaaqudgha
  2924 | D:4      | Received a gift from Kikubaaqudgha
  2958 | D:4      | HP: 2/47 [phantom (7)]
  3247 | D:4      | Found a staircase to the Ecumenical Temple.
  3349 | D:4      | HP: 2/47 [phantom (4)]
  3351 | D:4      | Slain by a phantom

Illustrated notes

Levels and vault maps discovered:
D:1:      spicycebolla_arrival_xxxplode, layout_basic
D:2:      layout_loops_corners, basic_altar, uniq_jessica
D:3:      layout_basic, fedhas_ov_isle_minmay, lemuel_round_altar,
          goddamned_bats, uniq_ijyb
D:4:      layout_cave_pools, old_standard_altar,
          minmay_temple_entry_sparse_star, gammafunk_ghost_gnarly_gnolls,
          nicolae_take_the_stairs, bh_walls_and_bars

Skill      XL: |  1  2  3  4  5  6 |
---------------+-------------------+-----
Spellcasting   | 3 |  3.3
Necromancy     | 5 6 |  6.8
Fighting       | 1 2 3 |  3.3
Dodging        | |  1.7
Stealth        | |  1.7

Action                   |  1- 3 |  4- 6 || total
-------------------------+-------+-------++-------
Melee: Club              |    14 |    15 ||    29
       Unarmed           |     2 |       ||     2
       Dagger            |       |    65 ||    65
       Punch             |       |     2 ||     2
 Cast: Necrotise         |    41 |    63 ||   104
       Animate Dead      |       |     4 ||     4
       Vampiric Draining |       |     4 ||     4
Invok: Unearth Wretches  |       |     1 ||     1
 Stab: Distracted        |       |     1 ||     1
       Paralysed         |       |     1 ||     1
Armor: Robe              |     6 |    15 ||    21
Dodge: Dodged            |    15 |    56 ||    71

Table legend: (Time is in decaauts)
 A = Elapsed time spent in this place.
 B = Non-inter-level travel time spent in this place.
 C = Inter-level travel time spent in this place.
 D = Time resting spent in this place.
 E = Time spent auto-exploring this place.
 F = Levels seen in this place.
 G = Mean time per level.
                   A        B        C        D        E       F      G
               +--------+--------+--------+--------+--------+-----+--------+
         Total |   3357 |   3290 |     67 |    305 |   2361 |   4 |  839.2 |
       Dungeon |   3357 |   3290 |     67 |    305 |   2361 |   4 |  839.2 |
               +--------+--------+--------+--------+--------+-----+--------+

Top non-repeatable levels by time:
     D:3: 1075 daAuts
     D:2: 862 daAuts
     D:1: 833 daAuts
     D:4: 586 daAuts
